 Dungeon Crawl Stone Soup version 0.28-a0-1412-gf95308ed99 (webtiles) character file.

Game seed: 8243379781812507973

81 siradein the Skirmisher (level 4, 0/37 (49) HPs)
             Began as an Ogre Cinder Acolyte on Jan 6, 2022.
             Was a High Priest of Ignis.
             Slain by Terence (1 damage)
             ... on level 3 of the Dungeon.
             The game lasted 00:09:32 (2486 turns).

siradein the Skirmisher (Ogre Cinder Acolyte)       Turns: 2486, Time: 00:09:32

HP:   0/37 (49)     AC: 10    Str: 20    XL:     4   Next: 42%
MP:   4/7           EV:  9    Int: 15    God:    Ignis [*****.]
Gold: 91            SH:  0    Dex:  4    Spells: 5/7 levels left

rFire   + . .      SeeInvis .   a - -1 mace (flame)
rCold   . . .      Faith    .   (no shield)
rNeg    . . .      Spirit   .   b - +0 robe
rPois   .          Reflect  .   (helmet restricted)
rElec   .          Harm     .   (no cloak)
rCorr   .          Rampage  .   (gloves unavailable)
Will    .....                   (boots unavailable)
Stlth   +.........              (no amulet)
HPRegen 0.12/turn               (no ring)
MPRegen 0.10/turn               (no ring)

@: fiery-armoured, heavily drained
A: large, unfitting armour, tough skin 1
a: Renounce Religion, Fiery Armour, Foxfire Swarm, Rising Flame


You were on level 3 of the Dungeon.
You worshipped Ignis.
Ignis was extremely pleased with you.
You visited 1 branch of the dungeon, and saw 3 of its levels.

You collected 91 gold pieces.

Inventory:

Hand Weapons
 a - a -1 mace of flaming (weapon)
Armour
 b - a +0 robe (worn)
Scrolls
 c - a scroll of enchant armour {unknown}
 d - 3 scrolls of identify {unknown}
 f - a scroll of enchant weapon {unknown}
Potions
 e - 2 potions of degeneration {unknown}
 g - a potion of curing {unknown}
 h - a potion of haste {unknown}
 i - a potion of heal wounds {unknown}


   Skills:
 + Level 4.8 Fighting
 + Level 3.3 Maces & Flails
 + Level 2.3 Spellcasting
 + Level 3.2 Fire Magic


You had 5 spell levels left.
You knew the following spells:

 Your Spells              Type           Power      Damage    Failure   Level
a - Scorch                Fire           22%        2d6       9%          2

Your spell library contained the following spells:

 Spells                   Type           Power      Damage    Failure   Level
 Magic Dart               Conj           4%         1d3       22%         1
 Summon Small Mammal      Summ           4%         N/A       22%         1
 Searing Ray              Conj           2%         2d4       32%         2
 Call Canine Familiar     Summ           1%         N/A       54%         3
 Portal Projectile        Hex/Tloc       2%         N/A       54%         3
 Summon Guardian Golem    Hex/Summ       1%         N/A       54%         3
 Fulminant Prism          Conj/Hex       0%         3d6       91%         4
 Leda's Liquefaction      Hex/Erth       0%         N/A       91%         4


Dungeon Overview and Level Annotations

Branches:
Dungeon (3/15)

Altars:
Makhleb

Annotations:
D:3 Terence


Innate Abilities, Weirdness & Mutations

You are too large for most types of armour.
You have tough skin. (AC +1)


Message History

You feel drained.
You completely miss Terence.
Terence is heavily wounded.
Terence hits you with a +2 short sword of draining!
You feel drained.
You barely miss Terence.
Terence is heavily wounded.
Terence barely misses you.
You barely miss Terence.
Terence is heavily wounded.
Terence closely misses you.
Terence hits you with a +2 short sword of draining.
You feel drained.
Casting: Scorch (safe; 9% risk of failure)
Press: ? - help, Q - select action Dir - look around, f - activate Flames lash Terence.
Terence is severely wounded.
Terence's fire resistance burns away.
Terence hits you with a +2 short sword of draining.
You feel drained.
You hit Terence but do no damage.
Terence is severely wounded.
Terence closely misses you.
You hit Terence. You burn Terence.
Terence is almost dead.
Terence hits you with a +2 short sword of draining!
You feel drained.
* * * LOW HITPOINT WARNING * * *
Terence is no longer more vulnerable to fire.
You barely miss Terence.
Terence is almost dead.
Terence hits you with a +2 short sword of draining.
* * * LOW HITPOINT WARNING * * *
You feel drained.
* * * LOW HITPOINT WARNING * * *
A protective cloak of flame settles atop you.
Terence hits you with a +2 short sword of draining.
* * * LOW HITPOINT WARNING * * *
You feel drained.
You die...

.# .# .### ...# ...#
... #########.#
#....@@..(#
#.########## #.#
#......#
#.###......###########
#.....................
#####......###########
#......# ########


You could see Terence.

Vanquished Creatures
  An adder (D:2)
  A dart slug (D:1)
  An orc (D:2)
  7 ball pythons
  9 endoplasms
  4 giant cockroaches
  9 goblins
  9 hobgoblins
  9 bats
  5 frilled lizards (D:2)
  5 kobolds (D:1)
  2 rats (D:2)
62 creatures vanquished.

Notes
Turn   | Place    | Note
-------+----------+-------------------------------------------
     0 | D:1      | siradein the Ogre Cinder Acolyte began the quest for the
                  | Orb.
     0 | D:1      | Reached XP level 1. HP: 24/24 MP: 2/2
   302 | D:1      | Reached XP level 2. HP: 32/32 MP: 2/4
   514 | D:1      | Reached XP level 3. HP: 36/40 MP: 5/5
   517 | D:1      | Learned a level 2 spell: Scorch
  1363 | D:2      | Identified the +0 pair of boots of Huash {rN+ Int+4 SInv}
  1373 | D:2      | Reached XP level 4. HP: 44/49 MP: 7/7
  1414 | D:2      | Found a faded altar of an unknown god.
  2402 | D:3      | Found a burning altar of Makhleb.
  2470 | D:3      | Noticed Terence
  2486 | D:3      | HP: 1/38 [Terence (4)]
  2486 | D:3      | Slain by Terence

Illustrated notes

Levels and vault maps discovered:
D:1:      dpeg_arrival_concentric_ovals, layout_loops_ring
D:2:      layout_rooms, chequers_ecumenical_altar_simple, nrook_mini_vaults,
          amethyst_killhole, minmay_pentomino_q4
D:3:      layout_basic, bloody_makhleb, uniq_crazy_yiuf_cottage, uniq_robin,
          uniq_grinder, uniq_terence

Skill      XL: |  1  2  3 |
---------------+----------+-----
Fire Magic     | 3 |  3.2
Maces & Flails | 3 |  3.3
Spellcasting   | 2 |  2.3
Fighting       | |  4.8

Action                   |  1- 3 |  4- 6 || total
-------------------------+-------+-------++-------
Melee: Mace              |   126 |    73 ||   199
 Cast: Scorch            |     1 |     4 ||     5
Invok: Fiery Armour      |       |     1 ||     1
Armor: Robe              |    68 |    28 ||    96
Dodge: Dodged            |    89 |    45 ||   134

Table legend: (Time is in decaauts)
 A = Elapsed time spent in this place.
 B = Non-inter-level travel time spent in this place.
 C = Inter-level travel time spent in this place.
 D = Time resting spent in this place.
 E = Time spent auto-exploring this place.
 F = Levels seen in this place.
 G = Mean time per level.
                   A        B        C        D        E       F      G
               +--------+--------+--------+--------+--------+-----+--------+
         Total |   2536 |   2462 |     74 |    353 |   1667 |   3 |  845.3 |
       Dungeon |   2536 |   2462 |     74 |    353 |   1667 |   3 |  845.3 |
               +--------+--------+--------+--------+--------+-----+--------+

Top non-repeatable levels by time:
     D:1: 1229 daAuts
     D:2: 1037 daAuts
     D:3: 270 daAuts
